 Dungeon Crawl Stone Soup version 0.17-a0-2171-ga91b4ec (webtiles) character file.

2513 tp1 the Thaumaturge (level 9, -2/50 HPs)
             Began as a Deep Elf Conjurer on Oct 25, 2015.
             Was an Initiate of Vehumet.
             Slain by a killer bee (9 damage)
             ... on level 8 of the Dungeon.
             The game lasted 01:10:56 (10136 turns).

tp1 the Thaumaturge (Deep Elf Conjurer)            Turns: 10136, Time: 01:10:56

Health: -2/50      AC:  6    Str:  8    XL:     9   Next: 29%
Magic:  8/34       EV:  9    Int: 24    God:    Vehumet [......]
Gold:   169        SH:  0    Dex: 15    Spells: 8 memorised, 9 levels left

rFire  + . .     SeeInvis .     m - +3 dagger
rCold  . . .     Clarity  .     k - +2 robe {rF+}
rNeg   . . .     SustAt   .     (no shield)
rPois  .         Gourm    +     h - +0 helmet
rElec  .         Spirit   .     (no cloak)
rCorr  .         Warding  .     (no gloves)
rMut   .         Stasis   .     H - +0 pair of boots
MR     .....                    x - amulet of the gourmand
Stlth  +++.......               T - +3 ring of strength
                                Q - ring of magical power

@: lethally poisoned (-2 -> -13), not resistant to hostile enchantments, fairly
stealthy
A: no striking features
a: Renounce Religion


You were on level 8 of the Dungeon.
You worshipped Vehumet.
Vehumet was noncommittal.
You were not hungry.

You visited 2 branches of the dungeon, and saw 9 of its levels.

You collected 299 gold pieces.
You spent 130 gold pieces at shops.

Inventory:

Hand Weapons
 i - a +0 dagger
 m - a +3 dagger (weapon)
 p - a +0 dagger
Armour
 a - a +0 robe
 h - a +0 helmet (worn)
 k - a +2 robe of fire resistance (worn)
 H - a +0 pair of boots (worn)
Jewellery
 t - an uncursed ring of sustain attributes
 x - an amulet of the gourmand (around neck)
 K - an uncursed ring of fire
 Q - a ring of magical power (left hand)
 T - a +3 ring of strength (right hand)
Wands
 f - a wand of lightning (8)
 C - a wand of fire (8)
 D - a wand of paralysis (6)
 F - a wand of flame (7)
 I - a wand of disintegration (13)
 M - a wand of magic darts (21)
 P - a wand of digging (3)
 V - a wand of magic darts (18)
Scrolls
 q - 2 scrolls of noise
 s - 2 scrolls of enchant armour
 w - a scroll of teleportation
 z - 2 scrolls of identify
 A - 2 scrolls of immolation
 B - a scroll of vulnerability {unknown}
 J - a scroll of amnesia {unknown}
 L - a scroll of random uselessness {unknown}
 R - a scroll of magic mapping {unknown}
Potions
 e - 3 potions of mutation
 g - 2 potions of invisibility
 j - a potion of lignification {unknown}
 l - 2 potions of resistance {unknown}
 n - a potion of heal wounds
 o - 3 potions of curing {unknown}
 E - a potion of poison {unknown}
 G - a potion of magic
 N - a potion of brilliance {unknown}
 U - a potion of cancellation {unknown}
Books
 b - a book of Conjurations

   Spells                             Type                      Level
   a - Magic Dart                     Conjuration                  1
   b - Searing Ray                    Conjuration                  2
   c - Dazzling Spray                 Conjuration/Hexes            3
   d - Fulminant Prism                Conjuration/Hexes            4
   e - Iskenderun's Mystic Blast      Conjuration                  4
   f - Iskenderun's Battlesphere      Conjuration/Charms           5
 u - a book of Battle

   Spells                             Type                      Level
   a - Infusion                       Charms                       1
   b - Shroud of Golubria             Charms/Translocation         2
   c - Song of Slaying                Charms                       2
   d - Spectral Weapon                Hexes/Charms                 3
   e - Regeneration                   Charms/Necromancy            3
 v - a book of Envenomations

   Spells                             Type                      Level
   a - Spider Form                    Transmutation/Poison         3
   b - Alistair's Intoxication        Transmutation/Poison         4
   c - Olgreb's Toxic Radiance        Poison                       4
   d - Poisonous Cloud                Conjuration/Poison/Air       6
 y - a book of Cantrips

   Spells                             Type                      Level
   a - Corona                         Hexes                        1
   b - Animate Skeleton               Necromancy                   1
   c - Summon Small Mammal            Summoning                    1
   d - Apportation                    Translocation                1
 O - a book of Minor Magic

   Spells                             Type                      Level
   a - Magic Dart                     Conjuration                  1
   b - Blink                          Translocation                2
   c - Call Imp                       Summoning                    2
   d - Repel Missiles                 Charms/Air                   2
   e - Slow                           Hexes                        2
   f - Conjure Flame                  Conjuration/Fire             3
   g - Mephitic Cloud                 Conjuration/Poison/Air       3
Comestibles
 c - a bread ration
 d - 2 slices of pizza
 r - 4 beef jerkies


   Skills:
 - Level 3.0 Fighting
 - Level 3.1 Armour
 - Level 4.0 Dodging
 - Level 5.0 Stealth
 + Level 10.2 Spellcasting
 - Level 6.3 Conjurations
 - Level 1.0 Hexes
 - Level 6.2 Charms
 - Level 1.6 Summonings
 - Level 1.2 Necromancy
 - Level 1.2 Translocations
 - Level 2.0 Evocations


You had 9 spell levels left.
You knew the following spells:

 Your Spells              Type           Power        Failure   Level  Hunger
a - Magic Dart            Conj           ####         1%          1    None
b - Searing Ray           Conj           #####.       1%          2    None
c - Dazzling Spray        Conj/Hex       ####....     3%          3    None
d - Iskenderun's Battles  Conj/Chrm      #####...     14%         5    ####...
e - Summon Small Mammal   Summ           ###.         2%          1    None
f - Shroud of Golubria    Chrm/Tloc      ####......   1%          2    None
g - Regeneration          Chrm/Necr      ####......   3%          3    None
h - Blink                 Tloc           N/A          6%          2    None


Dungeon Overview and Level Annotations

Branches:
Dungeon (8/15)             Temple (1/1) D:7
   Lair: D:8-11

Altars:
Cheibriados
Dithmenos
Fedhas
Gozag
Kikubaaqudgha
Qazlal
Ru
Sif Muna
Vehumet
Xom
Yredelemnul
Zin

Shops:
D:6 !   D:7 ((


Message History

Your quokka completely misses the killer bee.
You feel sick. The killer bee barely misses you.
Your quokka closely misses the killer bee.
The killer bee stings your quokka.
Your quokka dies!
Your quokka's corpse disappears in a puff of smoke!
The killer bee stings you but does no damage.
You feel sick.
The killer bee stings you but does no damage.
You feel sick. The killer bee closely misses you.
There is an open door here.
You feel sick. The killer bee misses you. The killer bee stings you.
* * * LOW HITPOINT WARNING * * *
You are lethally poisoned!
The killer bee poisons you!
There is a stone staircase leading up here.
* * * LOW HITPOINT WARNING * * *
You feel sick. The killer bee stings you!
You die...

### #.. #.# #. #.#
##.# ##.### #...#
....# #....
#####.#.#
#...##.@#..#.##.#
#...#yy.#...§...#
+#...#'.##.##§####
##....y###.###.#
..........yy# y..
.....⌠......# #.##
............# #.#
###.....###.# ..#
+#...#. ### ...


You could see 3 killer bees.

Vanquished Creatures
  Grinder (D:5)
  The ghost of fredomojojo the Gusty, an amateur DrAE of the Shining One (D:3)
  An orc warrior (D:6)
  A black bear (D:6)
  A sky beast (D:5)
  2 centaurs
  3 giant frogs
  A wyvern zombie (D:6)
  A scorpion (D:6)
  7 killer bees (D:8)
  A crimson imp (D:6)
  3 orc priests
  2 jellies (D:7)
  A giant frog skeleton (D:7)
  3 centaur skeletons
  2 hounds (D:7)
  5 worker ants
  Ijyb (D:2)
  A quasit (D:7)
  Jessica (D:2)
  4 iguanas
  3 orc wizards
  2 hound zombies (D:7)
  A hound skeleton (D:5)
  5 gnolls
  Robin (D:2)
  6 adders
  A shadow imp (D:6)
  An ooze (D:4)
  An adder skeleton (D:5)
  2 adder zombies
  4 worms
  6 giant geckos
  24 orcs
  A ball python (D:7)
  19 goblins
  17 hobgoblins
  3 quokkas
  6 bats
  11 giant cockroaches
  A giant cockroach zombie (D:6)
  A giant gecko zombie (D:5)
  5 giant newts
  8 jackals
  9 kobolds
  3 quokka skeletons
  11 rats
195 creatures vanquished.

Vanquished Creatures (others)
  A goblin (D:3)
1 creature vanquished.

Grand Total: 196 creatures vanquished

Notes
Turn   | Place    | Note
--------------------------------------------------------------
     0 | D:1      | tp1 the Deep Elf Conjurer began the quest for the Orb.
     0 | D:1      | Reached XP level 1. HP: 10/10 MP: 6/6
   280 | D:1      | Reached XP level 2. HP: 15/15 MP: 5/8
   284 | D:1      | Learned a level 2 spell: Searing Ray
  1252 | D:2      | Noticed Ijyb
  1259 | D:2      | Killed Ijyb
  1259 | D:2      | Reached skill level 5 in Spellcasting
  1259 | D:2      | Reached XP level 3. HP: 19/19 MP: 2/12
  1365 | D:2      | Learned a level 3 spell: Dazzling Spray
  1408 | D:2      | Noticed Jessica
  1448 | D:2      | Killed Jessica
  1448 | D:2      | Reached skill level 6 in Spellcasting
  1448 | D:2      | Reached XP level 4. HP: 15/24 MP: 5/14
  1882 | D:2      | Reached skill level 7 in Spellcasting
  2055 | D:2      | Reached XP level 5. HP: 28/28 MP: 13/16
  2166 | D:2      | Noticed Robin
  2269 | D:2      | Killed Robin
  3084 | D:2      | Learned a level 5 spell: Iskenderun's Battlesphere
  3090 | D:3      | Reached skill level 5 in Conjurations
  3091 | D:3      | Noticed fredomojojo's ghost (amateur DrAE)
  3101 | D:3      | Killed fredomojojo's ghost
  3101 | D:3      | Reached XP level 6. HP: 8/32 MP: 4/18
  3607 | D:3      | Reached skill level 1 in Charms
  4850 | D:4      | Found a shadowy altar of Dithmenos.
  5063 | D:4      | Found a snail-covered altar of Cheibriados.
  5064 | D:4      | Found a shimmering altar of Xom.
  5186 | D:4      | Reached XP level 7. HP: 36/36 MP: 13/19
  5189 | D:4      | Reached skill level 5 in Charms
  5576 | D:4      | Found a shadowy altar of Dithmenos.
  5762 | D:4      | Found a snail-covered altar of Cheibriados.
  5774 | D:5      | Entered Level 5 of the Dungeon
  6294 | D:5      | Reached skill level 8 in Spellcasting
  6563 | D:5      | Noticed Grinder
  6572 | D:5      | Killed Grinder
  6572 | D:5      | Reached skill level 9 in Spellcasting
  6591 | D:5      | Reached XP level 8. HP: 41/41 MP: 8/23
  6756 | D:6      | HP: 2/41 [poisoned by a scorpion]
  6944 | D:6      | Found Fitetug's Distillery.
  6956 | D:6      | Bought a potion of heal wounds for 50 gold pieces
  6956 | D:6      | Bought a potion of magic for 80 gold pieces
  7003 | D:6      | Reached skill level 10 in Spellcasting
  7014 | D:5      | Reached skill level 1 in Armour
  7735 | D:6      | Reached skill level 1 in Fighting
  7739 | D:6      | HP: 1/43 [miscasting Iskenderun's Battlesphere (38)]
  8366 | D:6      | Found Fitetug's Distillery.
  8622 | D:7      | Learned a level 1 spell: Summon Small Mammal
  8625 | D:7      | Learned a level 2 spell: Shroud of Golubria
  8678 | D:7      | Learned a level 3 spell: Regeneration
  8699 | D:7      | Found Uckyex's Weapon Shop.
  8758 | D:7      | Found Yposomix's Antique Weapon Emporium.
  8777 | D:7      | Learned a level 2 spell: Blink
  8900 | D:7      | Reached skill level 1 in Hexes
  8966 | D:7      | Reached skill level 1 in Summonings
  8996 | D:7      | Found a staircase to the Ecumenical Temple.
  9022 | Temple   | Entered the Ecumenical Temple
  9029 | Temple   | Became a worshipper of Vehumet
  9080 | D:7      | Reached XP level 9. HP: 50/50 MP: 25/25
  9107 | D:7      | Reached skill level 1 in Necromancy
  9179 | D:7      | Reached skill level 1 in Translocations
  9346 | D:7      | Reached skill level 1 in Evocations
  9448 | D:7      | Found a staircase to the Ecumenical Temple.
  9757 | D:7      | Found Uckyex's Weapon Shop.
  9811 | D:7      | Found Yposomix's Antique Weapon Emporium.
 10107 | D:8      | Reached skill level 5 in Stealth
 10136 | D:8      | Slain by a killer bee

Vault maps used:
D:1:      lightli_iron_boxes
D:2:      first_bread, uniq_robin, uniq_jessica, uniq_iyjb
D:3:      st_stairs_8
D:4:      nicolae_dithmenos_through_a_glass_darkly,
          gammafunk_temple_overflow_pools
D:5:      kennysheep_generic_room_8, uniq_grinder
D:6:      serial_shops, nicolae_shop_crystal, minmay_misc_feat_cross
D:7:      minmay_temple_entry_overgrown, serial_shops, kennysheep_little_box,
          shop_statue
D:8:      grunt_ministairs_6, hangedman_tree_tricks
Temple:   nicolae_temple_x_marks_the_god

Action                   |  1- 3 |  4- 6 |  7- 9 || total
-------------------------+-------+-------+-------++-------
Melee: Unarmed           |     4 |       |       ||     4
       Dagger            |       |     4 |     1 ||     5
 Cast: Magic Dart        |    65 |   125 |   103 ||   293
       Searing Ray       |     2 |    21 |    28 ||    51
       Dazzling Spray    |       |     5 |     2 ||     7
       Iskenderun's Batt |       |       |    31 ||    31
       Blink             |       |       |    11 ||    11
       Summon Small Mamm |       |       |     1 ||     1
  Use: Scroll            |       |       |     8 ||     8
       Potion            |       |       |     1 ||     1
  Eat: Chunk             |     1 |    11 |    20 ||    32
       Fruit             |       |     1 |     2 ||     3
       Bread ration      |       |       |     1 ||     1
